 Dungeon Crawl Stone Soup version 0.18.1-1-g2f07953 (webtiles) character file.

2306 Mrmini23 the Cleaver (level 9, -7/70 HPs)
             Began as a Hill Orc Gladiator on May 7, 2016.
             Was a Follower of Beogh.
             Mangled by Chiseanne's ghost (10 damage)
             ... in a bailey.
             The game lasted 00:28:23 (5943 turns).

Mrmini23 the Cleaver (Hill Orc Gladiator)           Turns: 5943, Time: 00:28:23

Health: -7/70      AC: 11    Str: 25    XL:     9   Next: 41%
Magic:  0/9        EV: 11    Int:  8    God:    Beogh [*.....]
Gold:   477        SH:  0    Dex: 12    Spells: 0 memorised, 8 levels left

rFire  . . .     SeeInvis .     a - +1 war axe
rCold  . . .     Gourm    .     r - +0 scale mail
rNeg   . . .     Faith    .     (no shield)
rPois  .         Spirit   +     c - +0 helmet
rElec  .         Dismiss  .     (no cloak)
rCorr  +         Reflect  .     b - +0 pair of gloves
SustAt .         Harm     .     (no boots)
MR     .....                    h - amulet of guardian spirit
Stlth  ..........               (no ring)
                                p - ring of resist corrosion

@: mighty, about to teleport, not resistant to hostile enchantments, extremely
unstealthy
A: no striking features
a: Renounce Religion


You were in a bailey.
You worshipped Beogh.
Beogh was aware of your devotion.
You were not hungry.

You visited 1 branch of the dungeon, and saw 7 of its levels.
You also visited: Bailey.

You collected 477 gold pieces.

Inventory:

Hand Weapons
 a - a +1 war axe (weapon)
Missiles
 u - 6 tomahawks (quivered)
Armour
 b - a +0 pair of gloves (worn)
 c - a +0 helmet (worn)
 d - a +0 plate armour
 r - a +0 scale mail (worn)
Jewellery
 h - an amulet of guardian spirit (around neck)
 p - a ring of resist corrosion (left hand)
 t - an uncursed ring of ice
 C - an uncursed amulet of harm
Wands
 v - a wand of slowing (11/48)
Scrolls
 e - a scroll of fear
 x - a scroll of remove curse
 y - 2 scrolls of enchant weapon
 F - a scroll of recharging
Potions
 g - a potion of cancellation
 j - a potion of brilliance
 l - 2 potions of flight
 o - 2 potions of curing
 B - a potion of invisibility {unknown}
 D - a potion of haste {unknown}
Comestibles
 f - 4 bread rations
 i - 2 beef jerkies
 k - a slice of pizza
 A - a meat ration


   Skills:
 - Level 3.3 Fighting
 * Level 13.2 Axes
 - Level 1.7 Throwing
 + Level 7.1 Armour
 - Level 2.4 Dodging


You had 8 spell levels left.
You didn't know any spells.

Dungeon Overview and Level Annotations

Branches:
Dungeon (7/15)             Temple (0/1) D:7

Altars:
Cheibriados
Elyvilon
Makhleb
Ru
Sif Muna
Trog
Vehumet

Shops:
D:6 :

Annotations:
Bailey Chiseanne's ghost, journeyman OgAE


Message History

Chiseanne's ghost closely misses you.
You barely miss Chiseanne's ghost.
Chiseanne's ghost is moderately damaged.
Chiseanne's ghost hits you but does no damage.
You are electrocuted!
* * * LOW HITPOINT WARNING * * *
Read which item? (? for menu, Esc to quit)
Okay, then.
Unknown command.
Unknown command.
Unknown command.
Unknown command.
Unknown command.
Read which item? (? for menu, Esc to quit)
As you read the scroll of teleportation, it crumbles to dust.
You feel strangely unstable.
The orc knight shouts!
Chiseanne's ghost hits you but does no damage.
You are electrocuted!
You die...

# #######
..###.....##
...o.......#
..o'...))..+
..o'..)o)W@+
...'..)))..+
...'...))..#
..###.....##
#######


You could see 2 orc knights and Chiseanne's ghost.

Vanquished Creatures
  Sigmund (D:5)
  Eustachio (D:6)
  Duvessa (D:6)
  An ice beast (D:5)
  3 orc warriors
  2 phantoms
  2 sky beasts
  3 ogres
  A centaur (D:5)
  Blork the orc (D:6)
  Dowan (D:6)
  2 scorpions (D:4)
  A howler monkey (D:4)
  A giant frog zombie (D:5)
  A hound (D:5)
  4 orc wizards
  An iguana (D:6)
  Ijyb (D:3)
  4 worker ants
  3 hound skeletons
  A worker ant zombie (D:6)
  5 gnolls (D:5)
  3 adders
  2 oozes
  2 worms
  5 giant geckos
  22 orcs
  9 bats
  4 giant cockroaches
  11 goblins
  9 hobgoblins
  10 jackals
  2 quokkas (D:4)
  A ball python (D:2)
  5 giant newts
  4 kobolds
  3 rats
133 creatures vanquished.

Vanquished Creatures (others)
  An orc priest (D:5)
  A crimson imp (D:5)
  A gnoll (D:5)
  An orc (D:5)
4 creatures vanquished.

Grand Total: 137 creatures vanquished

Notes
Turn   | Place    | Note
--------------------------------------------------------------
     0 | D:1      | Mrmini23 the Hill Orc Gladiator began the quest for the Orb.
     0 | D:1      | Reached XP level 1. HP: 18/18 MP: 1/1
   102 | D:1      | Reached XP level 2. HP: 25/25 MP: 2/2
   193 | D:1      | HP: 1/25 [hobgoblin (3)]
   784 | D:1      | Reached XP level 3. HP: 26/31 MP: 3/3
   785 | D:1      | Reached skill level 5 in Axes
  1135 | D:2      | Found a burning altar of Makhleb.
  1437 | D:2      | Found a sacrificial altar of Ru.
  1605 | D:3      | Noticed Sigmund
  1631 | D:3      | Reached skill level 6 in Axes
  1631 | D:3      | Reached XP level 4. HP: 27/38 MP: 2/4
  1641 | D:2      | Reached skill level 1 in Armour
  1869 | D:3      | Found a snail-covered altar of Cheibriados.
  2067 | D:3      | Found a white marble altar of Elyvilon.
  2147 | D:3      | Noticed a sky beast
  2158 | D:3      | Killed a sky beast
  2158 | D:3      | Reached XP level 5. HP: 35/45 MP: 2/5
  2407 | D:3      | Noticed a phantom
  2419 | D:3      | Reached skill level 7 in Axes
  2451 | D:3      | Killed a phantom
  2451 | D:3      | Reached XP level 6. HP: 33/51 MP: 3/6
  2562 | D:3      | Noticed Ijyb
  2576 | D:3      | Killed Ijyb
  2687 | D:4      | Noticed a sky beast
  2702 | D:4      | Killed a sky beast
  2702 | D:4      | Reached skill level 8 in Axes
  2860 | D:4      | Reached XP level 7. HP: 52/57 MP: 5/7
  3015 | D:4      | Found a bloodstained altar of Trog.
  3057 | D:4      | Reached skill level 9 in Axes
  3598 | D:5      | Entered Level 5 of the Dungeon
  3627 | D:5      | Became a worshipper of Beogh the Brigand
  3664 | D:5      | Found a radiant altar of Vehumet.
  3664 | D:5      | Found a white marble altar of Elyvilon.
  3933 | D:5      | Reached skill level 10 in Axes
  3933 | D:5      | Reached XP level 8. HP: 42/63 MP: 5/8
  4199 | D:5      | Reached skill level 5 in Armour
  4591 | D:5      | Killed Sigmund
  4591 | D:5      | Reached skill level 11 in Axes
  4825 | D:6      | Found Bout's Book Shop.
  5330 | D:6      | Reached * piety under Beogh
  5330 | D:6      | Reached skill level 12 in Axes
  5356 | D:6      | Reached XP level 9. HP: 68/70 MP: 9/9
  5374 | D:6      | Noticed Eustachio
  5388 | D:6      | Killed Eustachio
  5392 | D:6      | Noticed Blork the orc
  5400 | D:6      | Killed Blork the orc
  5452 | D:6      | Noticed Dowan
  5459 | D:6      | Noticed Duvessa
  5467 | D:6      | Killed Duvessa
  5475 | D:6      | Killed Dowan
  5801 | D:7      | Found a deep blue altar of Sif Muna.
  5815 | D:7      | Found a staircase to the Ecumenical Temple.
  5834 | D:7      | Found a flagged portal.
  5841 | Bailey   | Entered a bailey
  5887 | Bailey   | Reached skill level 13 in Axes
  5929 | Bailey   | Noticed Chiseanne's ghost (journeyman OgAE)
  5933 | Bailey   | Noticed an orc knight
  5933 | Bailey   | Noticed an orc knight
  5942 | Bailey   | HP: 2/70 [Chiseanne's ghost (14)]
  5943 | Bailey   | Mangled by Chiseanne's ghost

Skill      XL: |  1  2  3  4  5  6  7  8  9 |
---------------+----------------------------+-----
Fighting       | 3 |  3.3
Axes           | 6 7 8 10 12 13 | 13.2
Armour         | 2 3 4 6 7 |  7.1
Throwing       | |  1.7
Dodging        | |  2.4

Action                   |  1- 3 |  4- 6 |  7- 9 || total
-------------------------+-------+-------+-------++-------
Melee: War axe           |   124 |    96 |   261 ||   481
Throw: Throwing net      |       |     2 |     2 ||     4
       Tomahawk          |       |       |     9 ||     9
Invok: Convert to Beogh  |       |       |     1 ||     1
  Use: Scroll            |     8 |     5 |     9 ||    22
       Potion            |       |       |     6 ||     6
 Stab: Held in net/web   |       |       |     7 ||     7
  Eat: Chunk             |     2 |     4 |     6 ||    12
       Bread ration      |       |       |     2 ||     2
Armor: Leather armour    |    41 |       |       ||    41
       Scale mail        |     7 |    51 |   131 ||   189
Dodge: Dodged            |   117 |    54 |   176 ||   347
